 Dungeon Crawl Stone Soup version 0.28-a0-519-gbfeecf2fc5 (webtiles) character file.

Game seed: 13118639265305015372

364 bande the Covered (level 6, -8/39 HPs)
             Began as a Gargoyle Fighter on Sept 23, 2021.
             Mangled by a red devil (11 damage)
             ... summoned by a kobold demonologist
             ... on level 5 of the Dungeon.
             The game lasted 00:07:21 (4830 turns).

bande the Covered (Gargoyle Fighter)                Turns: 4830, Time: 00:07:22

Health: -8/39      AC: 15    Str: 20      XL:     6   Next: 67%
Magic:  6/6        EV:  9    Int:  9      God:
Gold:   205        SH:  5    Dex:  9 (10) Spells: 5/5 levels left

rFire   . . .      SeeInvis .   a - +1 war axe
rCold   . . .      Faith    .   c - +1 buckler
rNeg    + . .      Spirit   .   b - +0 scale mail
rPois   ∞          Reflect  .   h - +1 helmet
rElec   +          Harm     .   l - +0 cloak
rCorr   .          Rampage  .   (no gloves)
Will    .....                   (no boots)
Stlth   ..........              (no amulet)
HPRegen 0.13/turn               (no ring)
MPRegen 0.10/turn               (no ring)

@: spiked, flying
A: sickness immunity, AC +4, negative energy resistance 1, electricity
resistance, torment resistance 1, petrification resistance
a: no special abilities


You were on level 5 of the Dungeon.
You visited 2 branches of the dungeon, and saw 6 of its levels.

You collected 205 gold pieces.

Inventory:

Hand Weapons
 a - a +1 war axe (weapon)
Armour
 b - a +0 scale mail (worn)
 c - a +1 buckler (worn)
 h - a +1 helmet (worn)
 l - a +0 cloak (worn)
Wands
 n - a wand of iceblast (5)
Scrolls
 i - a scroll of magic mapping
 j - a scroll of summoning {unknown}
 o - a scroll of teleportation
Potions
 d - a potion of might
 f - a potion of brilliance {unknown}
 g - a potion of heal wounds {unknown}
 k - a potion of mutation {unknown}
 m - a potion of curing {unknown}


   Skills:
 + Level 4.4 Fighting
 + Level 4.5 Axes
 + Level 4.5 Armour
 + Level 4.2 Shields


You had 5 spell levels left.
You didn't know any spells.
Your spell library contained the following spells:

 Spells                   Type           Power      Damage    Failure   Level
 Blink                    Tloc           N/A        N/A       86%         2
 Manifold Assault         Tloc           0%         N/A       100%        5
 Storm Form               Tmut/Air       0%         N/A       100%        7


Dungeon Overview and Level Annotations

Branches:
Dungeon (5/15)             Temple (1/1) D:4

Altars:
Cheibriados
Elyvilon
Gozag
Hepliaklqana
Kikubaaqudgha
Makhleb
Nemelex Xobeh
Sif Muna
Vehumet
Wu Jian
Yredelemnul

Annotations:
D:3 2 transporters, MikuNakano's ghost, amateur DgFi


Innate Abilities, Weirdness & Mutations

You are immune to sickness and miasma.
Your stone body is resilient. (AC +4)
You are immune to poison.
You resist negative energy. (rN+)
You are resistant to electric shocks. (rElec)
You are resistant to unholy torment.
You are immune to petrification.


Message History

The kobold demonologist is lightly wounded.
You completely miss the red devil. You hit the crimson imp.
You miss the quasit.
The crimson imp hits you but does no damage.
The quasit bites you but does no damage.
The quasit claws you but does no damage. x2
The kobold demonologist misses you.
The red devil hits you with a +0 trident!
Barbed spikes become lodged in your body.
The crimson imp blinks!
You closely miss the kobold demonologist.
The kobold demonologist is lightly wounded.
You hit the red devil. You miss the quasit.
The quasit bites you but does no damage.
The quasit claws you but does no damage.
You block the quasit's attack.
The red devil hits you with a +0 trident!
Barbed spikes become lodged in your body.
The kobold demonologist hits you but does no damage.
You block the quasit's attack.
The quasit claws you but does no damage. x2
You hit the kobold demonologist.
The kobold demonologist is moderately wounded.
You miss the quasit. You hit the red devil. The quasit closely misses you.
The quasit claws you but does no damage.
The quasit claws you.
* * * LOW HITPOINT WARNING * * *
The red devil hits you with a +0 trident!
* * * LOW HITPOINT WARNING * * *
Barbed spikes become lodged in your body.
The kobold demonologist hits you but does no damage.
The quasit closely misses you. The quasit claws you.
* * * LOW HITPOINT WARNING * * *
You feel clumsy. The quasit closely misses you.
It was a potion of flight.
You feel very buoyant.
You fly up into the air.
The red devil hits you with a +0 trident!
You die...

##.#.# #...#
##..#
#########..#
#.........5#
#..........###
#.........>..####
#.........#.4...#
#.........#@....#
#.........#K5...#
#.........#5....#
#.........#.....#
###########.....#
#.......
#.....### #.....#


You could see a kobold demonologist, a red devil (summoned), a quasit
(summoned), a crimson imp (summoned) and an ufetubus (summoned).

Vanquished Creatures
  A gnoll shaman (D:3)
  A hound (D:4)
  Jessica (D:2)
  Ijyb (D:4)
  An iguana (D:3)
  2 orc wizards (D:3)
  Robin (D:2)
  4 gnolls
  4 adders
  An adder skeleton (D:4)
  A dart slug (D:3)
  6 orcs
  11 bats
  8 endoplasms
  4 giant cockroaches
  8 goblins
  5 hobgoblins
  3 jackals (D:1)
  4 kobolds
  5 quokkas
  7 ball pythons
  3 frilled lizards
  6 rats
88 creatures vanquished.

Vanquished Creatures (others)
  3 fungi (D:1)
3 creatures vanquished.

Grand Total: 91 creatures vanquished

Notes
Turn   | Place    | Note
-------+----------+-------------------------------------------
     0 | D:1      | bande the Gargoyle Fighter began the quest for the Orb.
     0 | D:1      | Reached XP level 1. HP: 14/14 MP: 1/1
   181 | D:1      | Reached XP level 2. HP: 18/19 MP: 2/2
   404 | D:1      | Found a faded altar of an unknown god.
   831 | D:1      | Reached XP level 3. HP: 23/23 MP: 3/3
  1709 | D:2      | Noticed Robin
  1719 | D:2      | Killed Robin
  1931 | D:2      | Noticed Jessica
  1945 | D:2      | Reached XP level 4. HP: 23/29 MP: 4/4
  1946 | D:2      | Killed Jessica
  2649 | D:3      | Found a transporter.
  2828 | D:3      | Found a transporter.
  2832 | D:3      | Noticed MikuNakano's ghost (amateur DgFi)
  2857 | D:3      | Reached XP level 5. HP: 29/33 MP: 5/5
  2948 | D:3      | Found a white marble altar of Elyvilon.
  3575 | D:4      | Noticed Ijyb
  3599 | D:4      | Killed Ijyb
  3600 | D:4      | Reached XP level 6. HP: 17/38 MP: 6/6
  4249 | D:4      | Found a radiant altar of Vehumet.
  4306 | D:4      | Found a staircase to the Ecumenical Temple.
  4321 | Temple   | Entered the Ecumenical Temple
  4764 | D:5      | Entered Level 5 of the Dungeon
  4820 | D:5      | Noticed a kobold demonologist
  4827 | D:5      | Noticed a red devil
  4830 | D:5      | Mangled by a red devil

Illustrated notes

Levels and vault maps discovered:
D:1:      erik_arrival_triangle_huge, layout_basic,
          shapermc_ecumenical_altar_ellora, minmay_cut_off
D:2:      wad_crossroads, layout_basic, uniq_jessica, uniq_robin
D:3:      layout_basic, elyvilon_altar_5, gammafunk_ghost_stat_death
D:4:      layout_basic, mainiacjoe_overflow_catwalk,
          minmay_temple_entry_mini_moons, serial_bayou_pond_d, uniq_ijyb
D:5:      layout_basic, lightli_temple_of_fire, okawaru_metal_pillars_3,
          general_overflow_altar, uniq_pikel
Temple:   jpeg_temple_island

Skill      XL: |  1  2  3  4  5 |
---------------+----------------+-----
Axes           | 2 3 4 |  4.5
Fighting       | 4 |  4.4
Armour         | 4 |  4.5
Shields        | 4 |  4.2

Action                   |  1- 3 |  4- 6 || total
-------------------------+-------+-------++-------
Melee: War axe           |   123 |   173 ||   296
  Use: Scroll            |     1 |     7 ||     8
       Potion            |       |     1 ||     1
Armor: Scale mail        |    84 |   137 ||   221
Dodge: Dodged            |    71 |   110 ||   181
Block: Buckler           |    33 |    55 ||    88

Table legend: (Time is in decaauts)
 A = Elapsed time spent in this place.
 B = Non-inter-level travel time spent in this place.
 C = Inter-level travel time spent in this place.
 D = Time resting spent in this place.
 E = Time spent auto-exploring this place.
 F = Levels seen in this place.
 G = Mean time per level.
                   A        B        C        D        E       F      G
               +--------+--------+--------+--------+--------+-----+--------+
         Total |   4988 |   4919 |     69 |    779 |   3157 |   6 |  831.3 |
       Dungeon |   4676 |   4622 |     54 |    779 |   2881 |   5 |  935.2 |
        Temple |    311 |    296 |     15 |      0 |    275 |   1 |  311.0 |
               +--------+--------+--------+--------+--------+-----+--------+

Top non-repeatable levels by time:
     D:1: 1432 daAuts
     D:2: 1275 daAuts
     D:3: 1193 daAuts
     D:4: 709 daAuts
  Temple: 311 daAuts
     D:5: 67 daAuts
